 Dungeon Crawl Stone Soup version 0.18.1-50-g88ac8fd (webtiles) character file.

331 varam the Slinger (level 6, -1/41 HPs)
             Began as a Halfling Hunter on Oct 22, 2016.
             Was an Initiate of Okawaru.
             Slain by Crazy Yiuf
             ... wielding a +2 quarterstaff of chaos
              (6 damage)
             ... on level 3 of the Dungeon.
             The game lasted 00:09:20 (3310 turns).

varam the Slinger (Halfling Hunter)                 Turns: 3310, Time: 00:09:21

Health: -1/41      AC:  3    Str: 14    XL:     6   Next: 81%
Magic:  6/6        EV: 15    Int: 10    God:    Okawaru [......]
Gold:   99         SH:  0    Dex: 15    Spells: 0 memorised, 5 levels left

rFire  . . .     SeeInvis .     a - +1 hunting sling
rCold  . . .     Gourm    .     c - +0 leather armour
rNeg   . . .     Faith    .     (shield restricted)
rPois  .         Spirit   .     (no helmet)
rElec  .         Dismiss  .     (no cloak)
rCorr  .         Reflect  .     (no gloves)
SustAt .         Harm     .     (no boots)
MR     .....                    (no amulet)
Stlth  ++........               (no ring)
                                (no ring)

@: not resistant to hostile enchantments, unstealthy
A: mutation resistance 1
a: Renounce Religion


You were on level 3 of the Dungeon.
You worshipped Okawaru.
Okawaru was noncommittal.
You were not hungry.

You visited 1 branch of the dungeon, and saw 3 of its levels.

You collected 99 gold pieces.

Inventory:

Hand Weapons
 a - a +1 hunting sling (weapon)
 b - a +0 short sword
 t - a +0 dagger of venom
 v - a +2 dagger of protection
 z - a +0 falchion
 A - a +1 dagger of electrocution
Missiles
 d - 22 sling bullets (quivered)
 h - 57 stones
Armour
 c - a +0 leather armour (worn)
Jewellery
 i - an uncursed ring of protection from fire {unknown}
 j - a cursed amulet of inaccuracy {unknown}
 u - a cursed -3 ring of intelligence {unknown}
Scrolls
 e - 2 scrolls of fog {unknown}
 g - a scroll of magic mapping {unknown}
 m - 3 scrolls of random uselessness {unknown}
 q - a scroll of identify {unknown}
 r - 2 scrolls of teleportation {unknown}
 s - a scroll of remove curse {unknown}
 y - 2 scrolls of fear {unknown}
Potions
 k - a potion of flight {unknown}
 l - a potion of lignification {unknown}
 n - 2 potions of curing {unknown}
 o - a potion of degeneration {unknown}
 w - a potion of might {unknown}
 x - a potion of agility {unknown}
Comestibles
 f - 5 bread rations
 p - a beef jerky


   Skills:
 + Level 2.4 Fighting
 + Level 0.6 Short Blades
 - Level 10.1 Slings
 + Level 2.8 Dodging
 - Level 1.1 Stealth


You had 5 spell levels left.
You didn't know any spells.

Dungeon Overview and Level Annotations

Branches:
Dungeon (3/15)

Altars:
Elyvilon
Okawaru
Zin

Annotations:
D:3 Crazy Yiuf


Innate Abilities, Weirdness & Mutations

You are small and have problems with some larger weapons.
You are somewhat resistant to further mutation.


Message History

Crazy Yiuf freezes you.
You are too injured to fight recklessly!
Crazy Yiuf cries, "Rifle Orb Guardian canine!"
Crazy Yiuf closely misses you.
You see here a mace.
You see here a mace.
Crazy Yiuf barely misses you.
Crazy Yiuf grits, "Paint!"
Crazy Yiuf closely misses you.
Crazy Yiuf hits you with a quarterstaff of chaos!
* * * LOW HITPOINT WARNING * * *
Crazy Yiuf draws strength from your injuries!
Firing (i - inventory. (,) - cycle):
d - 23 sling bullets (quivered)
Press: ? - help, Shift-Dir - straight line, f/p - Crazy Yiuf
Aim: Crazy Yiuf, wielding a quarterstaff of chaos and wearing an embroidered cloak (heavily wounded)
You shoot a sling bullet.
The sling bullet closely misses Crazy Yiuf.
You feel yourself speed up.
Crazy Yiuf hits you with a quarterstaff of chaos.
You die...

♣♣♣♣♣### ###########
♣♣♣)♣)...## ##..........
♣()♣).....######.#..#####.#
#.))((♣♣♣♣(...g@##...###.#
#.# #())# ♣♣........##.#.##
#.# ###
♣♣######.###.#######.#
#.....##.......
#.##.###.####.#
#.#.#[##.####.#
.#####..###......#.#
.........#...)......
##.#........#..##.


You could see Crazy Yiuf.

Vanquished Creatures
  A hound (D:3)
  3 orc wizards (D:3)
  Natasha (twice) (D:2)
  Terence (D:2)
  3 adders
  An ooze (D:3)
  4 worms (D:2)
  A dart slug (D:3)
  2 giant geckos (D:3)
  8 orcs (D:3)
  2 giant cockroaches (D:3)
  9 goblins
  6 hobgoblins
  16 jackals
  10 bats
  4 giant newts
  8 kobolds
  5 rats
86 creatures vanquished.

Notes
Turn   | Place    | Note
--------------------------------------------------------------
     0 | D:1      | varam the Halfling Hunter began the quest for the Orb.
     0 | D:1      | Reached XP level 1. HP: 14/14 MP: 1/1
   130 | D:1      | Reached skill level 6 in Slings
   287 | D:1      | Reached XP level 2. HP: 19/19 MP: 2/2
   479 | D:1      | Reached XP level 3. HP: 24/24 MP: 3/3
   577 | D:1      | Reached skill level 7 in Slings
  1041 | D:2      | Noticed Natasha
  1046 | D:2      | Killed Natasha
  1046 | D:2      | Reached XP level 4. HP: 29/29 MP: 4/4
  1095 | D:2      | Reached skill level 8 in Slings
  1104 | D:2      | Found a white marble altar of Elyvilon.
  1361 | D:2      | Noticed Terence
  1372 | D:2      | Killed Terence
  1372 | D:2      | Reached XP level 5. HP: 27/34 MP: 5/5
  1445 | D:2      | Found a faded altar to an unknown god.
  1457 | D:2      | Noticed Natasha
  1462 | D:2      | Killed Natasha
  1462 | D:2      | Reached skill level 9 in Slings
  1487 | D:2      | Found a glowing silver altar of Zin.
  1879 | D:2      | Found an iron altar of Okawaru.
  1996 | D:2      | Became a worshipper of Warmaster Okawaru
  2455 | D:3      | Reached XP level 6. HP: 37/39 MP: 6/6
  2533 | D:3      | Reached skill level 10 in Slings
  3293 | D:3      | Noticed Crazy Yiuf
  3310 | D:3      | Slain by Crazy Yiuf

Skill      XL: |  1  2  3  4  5  6 |
---------------+-------------------+-----
Slings         | 6 7 8 9 10 | 10.1
Fighting       | 2 |  2.4
Short Blades   | |  0.6
Dodging        | |  2.8
Stealth        | |  1.1

Action                   |  1- 3 |  4- 6 || total
-------------------------+-------+-------++-------
Melee: Short sword       |     7 |       ||     7
       Dagger            |       |    15 ||    15
 Fire: Hunting sling     |    65 |   205 ||   270
 Stab: Sleeping          |     1 |       ||     1
  Eat: Chunk             |       |     1 ||     1
       Bread ration      |       |     1 ||     1
       Beef jerky        |       |     1 ||     1
Armor: Leather armour    |     8 |    15 ||    23
Dodge: Dodged            |    21 |    36 ||    57
